 Dungeon Crawl Stone Soup version 0.14-a0-770-g009d3a2 (webtiles) character file.

85 qwert the Practitioner (level 3, -2/32 HPs)
             Began as a Deep Dwarf Healer on Nov 9, 2013.
             Was a Believer of Elyvilon.
             Slain by Sigmund
             ... wielding a +0,+0 scythe
              (11 damage)
             ... on Level 2 of the Dungeon.
             The game lasted 00:14:16 (1735 turns).

qwert the Practitioner (Deep Dwarf Healer)          Turns: 1735, Time: 00:14:18

HP  -2/32        AC  3     Str 16      XL: 3   Next: 30%
MP   5/6         EV 12     Int 12      God: Elyvilon [**....]
Gold 45          SH  0     Dex 12      Spells:  0 memorised,  2 levels left

Res.Fire  : . . .   See Invis. : .   i - +2,+1 short sword
Res.Cold  : . . .   Warding    : .   a - +1 robe
Life Prot.: . . .   Conserve   : .   (no shield)
Res.Poison: .       Res.Corr.  : .   (no helmet)
Res.Elec. : .       Clarity    : .   (no cloak)
Sust.Abil.: . .     Spirit.Shd : .   (no gloves)
Res.Mut.  : +       Stasis     : .   (no boots)
Res.Rott. : .       Flight     : .   k - amulet of resist mutation {unknown}
Saprovore : . . .                    (no ring)
                                     q - ring of flight

@: non-regenerating, confused, slightly resistant to hostile enchantments, very
unstealthy
A: damage resistance, recharge devices, sense surroundings 1, slow healing 3
a: Device Recharging, Lesser Healing, Lesser Self-Healing, Divine Protection,
Purification, Renounce Religion, Evoke Flight


You were on level 2 of the Dungeon.
You worshipped Elyvilon.
Elyvilon was pleased with you.
You were not hungry.

You visited 1 branch of the dungeon, and saw 2 of its levels.

You collected 45 gold pieces.

Inventory:

Hand weapons
 i - a +2,+1 short sword (weapon)
Armour
 a - a +1 robe (worn)
 l - a +1 orcish ring mail
Magical devices
 d - a wand of heal wounds (4)
Comestibles
 f - 2 bread rations
 n - a meat ration
Scrolls
 e - a scroll of enchant armour {unknown}
 h - a scroll of random uselessness {unknown}
 p - a scroll of amnesia {unknown}
 r - a scroll of identify {unknown}
Jewellery
 k - an amulet of resist mutation (around neck) {unknown}
 q - a ring of flight (left hand)
Potions
 b - 2 potions of curing
 c - a potion of heal wounds
 j - a potion of restore abilities {unknown}
 m - a potion of brilliance {unknown}
 o - 2 potions of confusion {unknown}


   Skills:
 - Level 1.7 Fighting
 - Level 2.1 Dodging
 - Level 3.1 Stealth
 + Level 5.5 Invocations


You had 2 spell levels left.
You didn't know any spells.

Dungeon Overview and Level Annotations

Branches:
Dungeon (2/27)

Altars:

Annotations:
D:2 Sigmund, Terence


Innate Abilities, Weirdness & Mutations

You are resistant to damage.
You can recharge devices by infusing magical energy.
You passively map a small area around you.
You do not heal naturally.


Message History

There is an open door here.
As you open the door, it creaks loudly!
You hear a shout!
Sigmund points at you and mumbles some strange words.
The magic dart hits you!
* * * LOW HITPOINT WARNING * * *
You are feeling very hungry.
Use which ability? (? or * to list)
Press: ? - help, Dir - move target cursor, f - Sigmund Heal: Sigmund, wielding a scythe and wearing a robe Sigmund is completely unfazed by your meager offer of peace.
You feel somewhat more hungry.
Eat which item? (? for menu, Esc to quit)
You continue eating.
Sigmund gestures at you while chanting.
You are confused.
You continue eating.
Sigmund drinks a potion.
Sigmund seems to speed up.
You continue eating.
Sigmund hits you from afar with a scythe!
You die...

#.. #?# , , #.##
#..# #.#, * #.## #..
#.# #).# #.. ...
#..# #.####.#* #..#
# #.#..#.# .#>.# #
,, #@#..+.+ ,#.##.#
# , #.#'##.####.##.#
# , #.@.........##.#
# ,
#.#'##.####.##.####
, *
*#.#..#.#.(#.#......
#.#..).'.(#.#..####
, ,
#.####(##'#.#######
, #...........# #...
*
#.####.##'#.####.##
#.#, #.#..#.#....##
* #.# +.+..#.##.####


You could see Sigmund.

Vanquished Creatures
  2 giant geckos (D:2)
  5 bats
  A giant cockroach (D:1)
  5 goblins
  4 hobgoblins
  A jackal (D:1)
  A kobold (D:2)
  2 giant newts (D:2)
  3 rats
24 creatures vanquished.

Vanquished Creatures (others)
  A goblin (D:1)
  2 hobgoblins
  A jackal (D:1)
  A rat (D:2)
5 creatures vanquished.

Grand Total: 29 creatures vanquished

Notes
Turn   | Place    | Note
--------------------------------------------------------------
     0 | D:1      | qwert, the Deep Dwarf Healer, began the quest for the Orb.
     0 | D:1      | Reached XP level 1. HP: 19/19 MP: 2/2
   163 | D:1      | Reached skill level 5 in Invocations
   324 | D:1      | Reached skill level 1 in Stealth
   552 | D:1      | Reached XP level 2. HP: 17/26 MP: 4/4
  1183 | D:2      | Reached XP level 3. HP: 19/32 MP: 4/6
  1327 | D:2      | Noticed Sigmund
  1386 | D:2      | Noticed Terence
  1735 | D:2      | Slain by Sigmund

Action                   || total
-------------------------++-------
Melee: Short sword       ||    70
Invok: Lesser Healing    ||    37
Evoke: Wand              ||     1
 Stab: Sleeping          ||     3
